 Dungeon Crawl Stone Soup version 0.22-a0-142-g91cc6d7 (webtiles) character file.

28055 Kikal the Unseen (level 13, -3/99 HPs)
             Began as a Felid Berserker on Nov 28, 2017.
             Was the Champion of Trog.
             Slain by an alligator snapping turtle (50 damage)
             ... on level 2 of the Shoals on Feb 5, 2018.
             The game lasted 02:19:00 (27351 turns).

Kikal the Unseen (Felid Berserker)                 Turns: 27351, Time: 02:19:01

Health: -3/99      AC:  3    Str: 20    XL:     13   Next: 7%
Magic:  21/21      EV: 33    Int: 10    God:    Trog [******]
Gold:   1496       SH:  0    Dex: 23    Spells: 12/12 levels left
                                        Lives:  0   Deaths: 4

rFire    + . .     SeeInvis +     - Unarmed
rCold    + . .     Gourm    .   (shield unavailable)
rNeg     . . .     Faith    .   (armour unavailable)
rPois    .         Spirit   .   (helmet unavailable)
rElec    .         Reflect  .   (cloak unavailable)
rCorr    .         Harm     .   (gloves unavailable)
MR       +....                  (boots unavailable)
Stlth    ..........             N - amulet of regeneration
HPRegen  0.66/turn              x - +4 ring of dexterity
MPRegen  0.17/turn              g - ring of protection from fire

@: berserking (expiring), lethally poisoned (-3 -> -18), very quick
A: very small, no armour, no weapons or thrown items, stealth, claws 1, fangs 3,
see invisible, blink, carnivore, speed 1, mutation resistance 1, shaggy fur 3,
slow metabolism 1, strong 1, sharp paws
a: Blink, Berserk, Trog's Hand, Brothers in Arms, Burn Spellbooks, Renounce
Religion


You were on level 2 of the Shoals.
You worshipped Trog.
Trog was exalted by your worship.
You were very full.

You visited 4 branches of the dungeon, and saw 22 of its levels.
You also visited: Bailey.

You collected 2360 gold pieces.
You spent 864 gold pieces at shops.

Inventory:

Jewellery
 g - a ring of protection from fire (right paw)
 x - a +4 ring of dexterity (left paw)
 D - an uncursed ring of fire
 N - an amulet of regeneration (around neck)
 O - an uncursed ring of ice
Wands
 p - a wand of flame (159)
 t - a wand of digging (48)
 u - a wand of polymorph (26)
 E - a wand of random effects (76)
 F - a wand of paralysis (19)
 H - a wand of scattershot (9)
 I - a wand of iceblast (17)
 R - a wand of disintegration (20)
Scrolls
 d - 2 scrolls of enchant armour {unknown}
 f - 9 scrolls of identify
 h - 10 scrolls of teleportation
 i - 10 scrolls of immolation
 m - 2 scrolls of fear
 n - 6 scrolls of magic mapping
 o - 8 scrolls of remove curse
 q - 3 scrolls of blinking
 w - 2 scrolls of fog {unknown}
 A - 2 scrolls of noise
 C - a scroll of acquirement
Potions
 b - 6 potions of might
 c - 6 potions of brilliance
 e - 4 potions of heal wounds
 j - 3 potions of cancellation
 k - 4 potions of agility
 l - 4 potions of flight
 r - 2 potions of magic
 s - 5 potions of curing
 v - 4 potions of haste
 B - a potion of invisibility {unknown}
 L - 3 potions of mutation
 P - 2 potions of lignification
Books
 y - a book of Party Tricks

   Spells                             Type                      Level
   a - Summon Butterflies             Summoning                    1
   b - Apportation                    Translocation                1
   c - Lesser Beckoning               Translocation                3
   d - Tukima's Dance                 Hexes                        3
   e - Alistair's Intoxication        Transmutation/Poison         5
   f - Invisibility                   Hexes                        6
   Trog disapproves of the use of such an item.
 J - a book of Minor Magic

   Spells                             Type                      Level
   a - Magic Dart                     Conjuration                  1
   b - Blink                          Translocation                2
   c - Call Imp                       Summoning                    2
   d - Slow                           Hexes                        2
   e - Conjure Flame                  Conjuration/Fire             3
   f - Mephitic Cloud                 Conjuration/Poison/Air       3
   Trog disapproves of the use of such an item.
Miscellaneous
 G - a lightning rod (4/4)
 K - a lamp of fire
Comestibles
 a - 36 rations
 z - 9 chunks of flesh


   Skills:
 - Level 13.0 Fighting
 + Level 14.3 Dodging
 - Level 16.0 Stealth
 + Level 15.0 Unarmed Combat
 - Level 10.0 Evocations


You had 12 spell levels left.
You didn't know any spells.

Dungeon Overview and Level Annotations

Branches:
Dungeon (12/15)            Temple (0/1) D:7            Lair (6/6) D:10
 Shoals (2/4) Lair:4        Snake (0/4) Lair:3        Slime (0/5) Lair:6
    Orc (2/2) D:11            Elf (0/3) Orc:2

Altars:
Cheibriados
Elyvilon
Fedhas
Hepliaklqana
Ru
Uskayaw
Wu Jian
The Shining One
Beogh

Shops:
D:12 [   Orc:2 %}!(   Shoals:1 *

Annotations:
D:4 2 transporters
D:11 8headed hydra
Shoals:1 exclusion: kraken


Innate Abilities, Weirdness & Mutations

You cannot wear armour.
You are incapable of wielding weapons or throwing items.
Your paws allow you to move quietly. (Stealth)
You have sharp claws.
You have razor-sharp teeth.
You have supernaturally acute eyesight. (SInv)
You are carnivorous and can eat meat at any time.
You cover ground quickly.
Your thick and shaggy fur keeps you warm. (AC +3, rC+)
You have a slow metabolism.
Your sharp claws are effective at attacking unaware monsters.
You can translocate small distances at will.
You are somewhat resistant to further mutation.
Your muscles are strong. (Str +2)


Message History

You feel a strong urge to attack something.
A merfolk avatar comes into view.
You feel sick.
The merfolk avatar shouts!
The alligator snapping turtle bites you from afar!!
You take 39 damage, and have 50/99 hp.
MASSIVE DAMAGE!!
You feel sick.
You take 2 damage, and have 48/99 hp.
You are too injured to fight recklessly!
You are too injured to fight recklessly!
You are too injured to fight recklessly!
You are too injured to fight recklessly!
You scratch the alligator snapping turtle but do no damage.
You claw the alligator snapping turtle!
The alligator snapping turtle is lightly wounded.
You feel sick.
You feel sick.
The alligator snapping turtle bites you from afar!!!
Ouch! That really hurt!
You die...

≈≈≈≈≈≈≈≈≈≈≈≈≈≈≈
.≈≈≈≈≈≈≈≈≈≈≈≈≈≈
.m.≈PP≈≈≈≈≈≈≈≈
#P≈PP≈≈≈≈≈≈≈≈ ..≈≈≈..##
#!.P≈≈≈≈≈≈≈≈≈ ....≈..#
##.≈PP≈≈≈≈≈≈≈ ...$≈.#
#..≈P≈≈≈≈≈≈≈≈
#.....####.≈t.@≈≈≈≈≈≈≈
###..≈..#....≈≈P.≈≈≈≈≈≈≈
.....≈≈≈..≈≈≈≈PP†..≈≈≈≈≈
.....≈≈≈≈.≈≈≈≈.P...≈PPP≈
.....)..≈≈≈.P≈......PPP≈
...##....≈.....##...P≈P≈
....#..≈≈≈<....###.P≈PP≈
......≈≈≈≈≈...[≈≈≈≈≈P≈≈≈
.......>≈......≈≈≈≈≈≈≈≈≈


You could see an alligator snapping turtle and a merfolk avatar.

Vanquished Creatures
  An orc warlord (D:11)
  A stone giant (Orc:1)
  An ettin (Orc:1)
  Josephine (D:10)
  2 hydras
  13 death yaks (Lair:6)
  5 orc high priests
  4 sea snakes
  2 unseen horrors
  An orc knight (Orc:2)
  A swamp dragon (Lair:6)
  Pikel (D:8)
  An oklob plant (D:10)
  An orc sorcerer (Orc:2)
  3 manticores (Shoals:1)
  An ugly thing (D:11)
  A cyclops (D:11)
  A faun (Shoals:1)
  4 merfolk sirens
  4 black mambas
  2 water nymphs
  21 elephants
  6 spiny frogs
  5 komodo dragons
  A rime drake (Lair:6)
  3 polar bears
  3 trolls
  A wind drake (Shoals:1)
  9 hippogriffs
  5 merfolk
  13 blink frogs
  2 snapping turtles
  2 water elementals (Shoals:2)
  The ghost of anet the Magician, an amateur DEWz (D:4)
  A spriggan (Lair:2)
  2 wyverns
  4 wraiths (D:10)
  4 basilisks
  24 yaks
  3 hungry ghosts
  2 steam dragons (Lair:6)
  Menkaure (D:4)
  An acid dragon (Lair:6)
  7 wargs
  10 water moccasins
  Duvessa (D:6)
  6 black bears
  2 necrophages
  30 orc warriors
  7 porcupines
  A swamp drake (Lair:6)
  A hornet zombie (D:10)
  4 ice beasts
  2 sky beasts
  12 ogres
  23 wolves
  An eye of draining (D:10)
  10 crocodiles
  4 phantoms
  10 centaurs
  A big kobold (D:5)
  16 bullfrogs
  Dowan (D:6)
  3 scorpions
  A wyvern skeleton (D:8)
  6 killer bees
  3 electric eels
  7 wights
  A howler monkey (D:10)
  2 centaur zombies
  2 crimson imps
  2 bullfrog zombies
  A quasit (D:7)
  4 bullfrog skeletons
  6 hounds
  8 jellies
  Crazy Yiuf (D:4)
  28 orc priests
  2 centaur skeletons
  2 gnoll shamans (D:7)
  28 orc wizards
  7 iguanas
  Ijyb (D:4)
  10 worker ants
  2 hell rats (Lair:1)
  A hound zombie (D:5)
  A hound skeleton (D:4)
  Robin (D:3)
  13 gnolls
  3 howler monkey skeletons
  8 river rats (Lair:1)
  13 adders
  2 shadow imps (D:11)
  12 white imps (Lair:1)
  An ooze (D:3)
  An adder skeleton (D:4)
  2 worms
  4 dart slugs
  3 leopard geckos
  82 orcs
  2 ball pythons (Lair:3)
  6 giant cockroaches
  17 goblins
  6 hobgoblins
  7 jackals
  3 quokkas
  6 bats
  3 frilled lizards
  27 kobolds
  8 rats
  3 plants
676 creatures vanquished.

Vanquished Creatures (collateral kills)
  A merfolk impaler (Shoals:1)
  A merfolk aquamancer (Shoals:2)
  3 death yaks (Lair:6)
  A two-headed ogre (D:10)
  3 merfolk (Shoals:2)
  A hippogriff (D:10)
  A water elemental (Shoals:2)
  3 water moccasins (Lair:3)
  An orc warrior (D:9)
  5 wolves
  4 orcs (D:9)
24 creatures vanquished.

Vanquished Creatures (others)
  3 slaves (D:8)
  2 killer bees (D:8)
  An adder zombie (D:8)
  A leopard gecko (D:8)
  23 fungi
  19 plants
49 creatures vanquished.

Grand Total: 749 creatures vanquished

Notes
Turn   | Place    | Note
-------+----------+-------------------------------------------
     0 | D:1      | Kikal the Felid Berserker began the quest for the Orb.
     0 | D:1      | Reached XP level 1. HP: 10/10 MP: 2/2
     2 | D:1      | Upgraded the game from 0.21-a0-508-gf08a75f to 0.22-a0-135-g6f012ad
   414 | D:1      | Reached XP level 2. HP: 12/14 MP: 3/3
  1471 | D:2      | Reached XP level 3. HP: 17/17 MP: 4/4
  1745 | D:2      | Reached ** piety under Trog
  1874 | D:2      | Reached skill level 1 in Stealth
  2070 | D:3      | Found an ornate altar of the Wu Jian Council.
  2284 | D:3      | Reached skill level 2 in Stealth
  2284 | D:3      | Reached XP level 4. HP: 14/22 MP: 5/5
  2737 | D:3      | Noticed Robin
  2782 | D:3      | Killed Robin
  2853 | D:4      | Noticed an ogre
  2871 | D:5      | Entered Level 5 of the Dungeon
  3116 | D:4      | Killed an ogre
  3116 | D:4      | Reached skill level 3 in Stealth
  3116 | D:4      | Reached XP level 5. HP: 25/25 MP: 6/6
  3139 | D:4      | Noticed anet's ghost (amateur DEWz)
  3357 | D:4      | Killed anet's ghost
  3357 | D:4      | Reached skill level 4 in Stealth
  3357 | D:4      | Gained mutation: You are covered in thick fur. (AC +2) [Felid growth]
  3357 | D:4      | Reached XP level 6. HP: 16/30 MP: 7/7
  3367 | D:4      | HP: 1/30 [poisoned by an adder]
  3369 | D:4      | Succumbed to an adder's poison
  3370 | D:4      | Reached XP level 5. HP: 0/25 MP: 6/6
  3379 | D:4      | Noticed a phantom
  3390 | D:4      | Killed a phantom
  3390 | D:4      | Reached skill level 5 in Fighting
  3390 | D:4      | Reached skill level 5 in Stealth
  3390 | D:4      | Reached skill level 5 in Unarmed Combat
  3390 | D:4      | Reached XP level 6. HP: 21/30 MP: 7/7
  3596 | D:4      | Found a transporter.
  3710 | D:4      | Found a blossoming altar of Fedhas.
  3710 | D:4      | Noticed Menkaure
  3716 | D:4      | Killed Menkaure
  3716 | D:4      | Reached skill level 6 in Stealth
  3716 | D:4      | Reached XP level 7. HP: 28/33 MP: 8/8
  3772 | D:4      | Noticed Ijyb
  3777 | D:4      | Killed Ijyb
  3816 | D:4      | Reached *** piety under Trog
  3846 | D:4      | Found a transporter.
  4162 | D:4      | Found a runed door.
  4503 | D:4      | Noticed Crazy Yiuf
  4507 | D:4      | Killed Crazy Yiuf
  4507 | D:4      | Reached skill level 7 in Stealth
  4721 | D:5      | Reached XP level 8. HP: 32/39 MP: 9/9
  5238 | D:5      | Reached skill level 8 in Stealth
  5994 | D:6      | Found a sacrificial altar of Ru.
  6032 | D:6      | Reached **** piety under Trog
  6078 | D:6      | Reached skill level 5 in Dodging
  6262 | D:6      | Found a snail-covered altar of Cheibriados.
  6687 | D:6      | Reached skill level 9 in Stealth
  7121 | D:6      | Noticed Duvessa
  7122 | D:6      | Noticed Dowan
  7124 | D:6      | Killed Duvessa
  7124 | D:6      | Reached XP level 9. HP: 43/43 MP: 10/10
  7133 | D:6      | Killed Dowan
  7182 | D:6      | Found a white marble altar of Elyvilon.
  7279 | D:6      | Gained mutation: You are partially covered in molten scales. (AC +2) [potion of mutation]
  7279 | D:6      | Gained mutation: You can translocate small distances at will. [potion of mutation]
  7421 | D:7      | Found a glowing golden altar of the Shining One.
  7510 | D:7      | Reached skill level 10 in Stealth
  7936 | D:7      | Reached ***** piety under Trog
  8016 | D:7      | Found a staircase to the Ecumenical Temple.
  8463 | D:8      | Noticed Pikel
  8498 | D:8      | Killed Pikel
  8862 | D:8      | Reached XP level 10. HP: 48/48 MP: 11/11
  9251 | D:9      | Found a hazy altar of Hepliaklqana.
  9341 | D:9      | Found a flagged portal.
  9385 | Bailey   | Entered a bailey
  9567 | Bailey   | Shot with a bolt by an orc warrior
  9568 | Bailey   | Reached XP level 9. HP: -6/45 MP: 10/10
  9574 | Bailey   | Noticed an orc knight
  9578 | D:9      | Reached skill level 10 in Dodging
  9578 | D:9      | Reached skill level 12 in Stealth
  9578 | D:9      | Reached skill level 10 in Unarmed Combat
  9578 | D:9      | Reached XP level 10. HP: 32/51 MP: 11/11
  9852 | D:9      | Found a hide-covered altar of Uskayaw.
  9957 | D:9      | Found a roughly hewn altar of Beogh.
 10097 | D:9      | Reached skill level 10 in Fighting
 10706 | D:10     | Entered Level 10 of the Dungeon
 10897 | D:10     | Noticed a two-headed ogre
 10924 | D:10     | Killed a two-headed ogre
 10948 | D:10     | Found a staircase to the Lair.
 10948 | D:10     | Noticed an oklob plant
 10982 | D:10     | Killed an oklob plant
 10982 | D:10     | Reached XP level 11. HP: 54/54 MP: 12/12
 11228 | D:10     | Reached skill level 13 in Stealth
 11442 | D:10     | Noticed Josephine
 11445 | D:10     | Killed Josephine
 11679 | Lair:1   | Entered Level 1 of the Lair of Beasts
 11743 | D:11     | Reached skill level 1 in Evocations
 11797 | D:11     | Found a staircase to the Orcish Mines.
 11845 | D:11     | Noticed a white ugly thing
 12176 | D:11     | Killed a white ugly thing
 12400 | D:11     | Noticed an unseen horror
 12411 | D:11     | Killed an unseen horror
 12411 | D:11     | Reached skill level 14 in Stealth
 12547 | D:11     | Noticed an eight-headed hydra
 13355 | Lair:1   | Gained mutation: Your thick and shaggy fur keeps you warm. (AC +3, rC+) [Felid growth]
 13355 | Lair:1   | Reached XP level 12. HP: 59/59 MP: 16/16
 13791 | Lair:1   | Noticed an eight-headed hydra
 14046 | Lair:1   | Reached skill level 5 in Evocations
 14744 | Lair:2   | Lost mutation: You are partially covered in molten scales. (AC +2) [potion of mutation]
 14744 | Lair:2   | Gained mutation: You are somewhat resistant to further mutation. [potion of mutation]
 14744 | Lair:2   | Gained mutation: Your muscles are strong. (Str +2) [potion of mutation]
 15762 | Lair:3   | Reached skill level 15 in Stealth
 15873 | Lair:3   | Found a staircase to the Snake Pit.
 17244 | Lair:4   | Noticed a seven-headed hydra
 17253 | Lair:4   | Killed a seven-headed hydra
 17576 | Lair:4   | Found a staircase to the Shoals.
 17971 | Lair:4   | Reached XP level 13. HP: 63/63 MP: 18/18
 18263 | Lair:4   | Identified 2 scrolls of acquirement
 19168 | Lair:5   | Reached skill level 16 in Stealth
 19335 | Lair:6   | Entered Level 6 of the Lair of Beasts
 19650 | Lair:6   | Reached ****** piety under Trog
 19746 | Lair:6   | Found a staircase to the Slime Pits.
 20740 | Lair:6   | Reached XP level 14. HP: 57/69 MP: 21/21
 21984 | Orc:1    | Entered Level 1 of the Orcish Mines
 21984 | Orc:1    | Noticed an orc warlord
 22877 | D:12     | Found Kiravag's Antique Armour Shop.
 23024 | D:11     | Upgraded the game from 0.22-a0-135-g6f012ad to 0.22-a0-142-g91cc6d7
 23204 | D:11     | Killed an orc warlord
 23498 | Orc:2    | Entered Level 2 of the Orcish Mines
 23498 | Orc:2    | Found a staircase to the Elven Halls.
 24446 | Orc:1    | Noticed a stone giant
 24458 | Orc:1    | Killed a stone giant
 24728 | Orc:2    | Found Ykoif's Gadget Boutique.
 24735 | Orc:2    | Found Roreth's Antique Weapon Shop.
 24740 | Orc:2    | Found Juapan's Food Boutique.
 24740 | Orc:2    | Found Qicwa's Distillery.
 25053 | Orc:2    | Reached skill level 10 in Evocations
 25220 | Orc:2    | Bought a potion of might for 64 gold pieces
 25220 | Orc:2    | Bought a potion of haste for 160 gold pieces
 25220 | Orc:2    | Bought a potion of cancellation for 128 gold pieces
 25220 | Orc:2    | Bought a potion of haste for 160 gold pieces
 25220 | Orc:2    | Bought a potion of cancellation for 128 gold pieces
 25220 | Orc:2    | Bought a potion of lignification for 48 gold pieces
 25220 | Orc:2    | Bought a potion of mutation for 128 gold pieces
 25220 | Orc:2    | Bought a potion of curing for 48 gold pieces
 25807 | Shoals:1 | Entered Level 1 of the Shoals
 25902 | Shoals:1 | Noticed a kraken
 26455 | Shoals:1 | Drowned by a water nymph
 26456 | Shoals:1 | Reached XP level 13. HP: 0/97 MP: 21/21
 26691 | Shoals:1 | Drowned by a water nymph
 26692 | Shoals:1 | Reached XP level 12. HP: -2/91 MP: 20/20
 26692 | Shoals:1 | Found Ulabee's Assorted Antiques.
 27019 | Shoals:2 | Found a hide-covered altar of Uskayaw.
 27025 | Shoals:2 | Noticed a merfolk aquamancer
 27037 | Shoals:2 | Killed a merfolk aquamancer
 27132 | Shoals:2 | Reached skill level 15 in Unarmed Combat
 27134 | Shoals:2 | Reached XP level 13. HP: 66/66 MP: 21/21
 27351 | Shoals:2 | Slain by an alligator snapping turtle

Vault maps used:
D:1:      minmay_arrival_hallway, serial_forest, infiniplex_forest_clump_double,
          infiniplex_forest_zigzag_2, infiniplex_forest_clump_diagonal,
          infiniplex_forest_straight_3, infiniplex_forest_lined_corner,
          infiniplex_forest_lined_1, infiniplex_forest_clump_small,
          infiniplex_forest_lined_1, infiniplex_forest_clump_medium,
          serial_park_tiny_pond
D:2:      first_ration
D:3:      nicolae_overflow_hidden_temple, uniq_robin
D:4:      gammafunk_steamed_eel, fedhas_altar_1, uniq_ijyb, uniq_menkaure,
          uniq_crazy_yiuf_cottage
D:5:      kennysheep_kobold_camp
D:6:      kennysheep_mini, cheibriados_altar_1,
          nicolae_ru_great_annihilating_truth, uniq_duvessa
D:7:      minmay_temple_entry_fiery, basic_altar
D:8:      uniq_pikel
D:9:      eat_drink_and_be_merry_uskayaw, kennysheep_mini_moat, enter_bailey_2
D:10:     dpeg_oklobed_lair, uniq_josephine
D:11:     orc_0_dummy, grunt_pizzeria
D:12:     serial_shops, kennysheep_little_box
Lair:1:   portal_ice_cave_entry_imps, st_stairs_4, kennysheep_rathole
Lair:2:   st_stairs_6, forest_entry_grove, infiniplex_staircase_pool
Lair:3:   minmay_snake_entry_six_corridors, serial_bayou_lagoon_b,
          grunt_megastairs_4
Lair:4:   minmay_shoals_entry_lonely_mermaid, grunt_megastairs_3,
          infiniplex_staircase_pool_2
Lair:6:   guppyfry_lair_end_dragon, slime_dummy
Shoals:1: serial_shops, nicolae_shop_trees
Shoals:2: lemuel_centaur_altar
Orc:1:    mines2_lemuel
Orc:2:    st_orc_mages, mines5_lemuel
Bailey:   bailey_polearm_2, bailey

Skill      XL: |  1  2  3  4  5  6  7  8  9 10 11 12 13 14 |
---------------+-------------------------------------------+-----
Stealth        | 2 3 5 6 7 9 12 14 15 16 | 16.0
Fighting       | 4 5 6 7 9 10 13 12 | 13.0
Unarmed Combat | 4 5 6 7 10 9 11 15 13 14 | 15.0
Dodging        | 6 10 11 12 14 | 14.3
Evocations     | 4 6 8 10 | 10.0

Action                   |  1- 3 |  4- 6 |  7- 9 | 10-12 | 13-15 || total
-------------------------+-------+-------+-------+-------+-------++-------
Melee: Unarmed           |   115 |    76 |   333 |   748 |   837 ||  2109
       Bite              |    16 |     7 |    36 |   117 |   130 ||   306
       Punch             |     4 |     4 |     9 |    65 |    88 ||   170
Invok: Berserk           |       |     6 |    12 |    20 |    33 ||    71
       Trog's Hand       |       |     1 |       |     6 |     5 ||    12
       Brothers in Arms  |       |       |       |     6 |     4 ||    10
Evoke: Wand              |       |       |     2 |    11 |     6 ||    19
       Lightning rod     |       |       |       |       |     3 ||     3
  Use: Potion            |       |     1 |     4 |     1 |     1 ||     7
       Scroll            |       |       |     5 |    16 |     4 ||    25
 Stab: Sleeping          |     2 |     4 |    27 |    49 |    21 ||   103
       Distracted        |       |       |     5 |     3 |    13 ||    21
  Eat: Chunk             |    10 |    12 |    23 |    51 |    58 ||   154
Armor: Skin              |     2 |     3 |    13 |    18 |    10 ||    46
Dodge: Dodged            |    98 |    58 |   202 |   721 |   736 ||  1815

Table legend:
 A = Spawn XP
 B = Non-spawn XP
 C = Spawn XP percentage of total XP
 D = Spawn monster count
 E = Non-spawn monster count
 F = Spawn count percentage of total count
 G = Total turns spent on level
                    A         B        C        D         E        F      G
               +---------+---------+-------+---------+---------+-------+---------
         Total |       0 |   99994 |   0.0 |       0 |     697 |   0.0 | 27351
               +---------+---------+-------+---------+---------+-------+---------
           D:1 |       0 |      36 |   0.0 |       0 |      18 |   0.0 |  1213
           D:2 |       0 |      29 |   0.0 |       0 |      16 |   0.0 |   847
           D:3 |       0 |     101 |   0.0 |       0 |      22 |   0.0 |   786
           D:4 |       0 |    1285 |   0.0 |       0 |      23 |   0.0 |  1303
           D:5 |       0 |     614 |   0.0 |       0 |      32 |   0.0 |  1702
           D:6 |       0 |    1279 |   0.0 |       0 |      29 |   0.0 |  1457
           D:7 |       0 |     957 |   0.0 |       0 |      29 |   0.0 |   902
           D:8 |       0 |    2313 |   0.0 |       0 |      29 |   0.0 |  1018
           D:9 |       0 |    2950 |   0.0 |       0 |      45 |   0.0 |  1286
          D:10 |       0 |    6574 |   0.0 |       0 |      41 |   0.0 |  1254
          D:11 |       0 |    9169 |   0.0 |       0 |      47 |   0.0 |  1845
          D:12 |       0 |    1889 |   0.0 |       0 |      23 |   0.0 |   932
        Lair:1 |       0 |    5069 |   0.0 |       0 |      48 |   0.0 |  1824
        Lair:2 |       0 |    6633 |   0.0 |       0 |      27 |   0.0 |  1488
        Lair:3 |       0 |    3238 |   0.0 |       0 |      24 |   0.0 |  1174
        Lair:4 |       0 |    4115 |   0.0 |       0 |      15 |   0.0 |  1349
        Lair:5 |       0 |    8392 |   0.0 |       0 |      25 |   0.0 |  1416
        Lair:6 |       0 |   18620 |   0.0 |       0 |      46 |   0.0 |  1575
      Shoals:1 |       0 |    8487 |   0.0 |       0 |      19 |   0.0 |  1092
      Shoals:2 |       0 |    4523 |   0.0 |       0 |      17 |   0.0 |   452
         Orc:1 |       0 |    5622 |   0.0 |       0 |      46 |   0.0 |  1187
         Orc:2 |       0 |    7957 |   0.0 |       0 |      71 |   0.0 |  1057
        Bailey |       0 |     142 |   0.0 |       0 |       5 |   0.0 |   192
               +---------+---------+-------+---------+---------+-------+---------
